TOP OF THE 1ST |
Indianapolis HS Chaos batting - Pitching for Bishop Amat HS : RHP Alex Garrett
|
Pitching: RHP Alex Garrett
|
|
Batting: LHB Jason Hudson
|
0-0: Foul Ball, location: 2F 0-1: Foul Ball, location: 2F 0-2: Ball 1-2: Strikes out swinging
|
Batting: LHB William Morgan
|
0-0: Ball 1-0: Called Strike 1-1: Foul Ball, location: 2F 1-2: Ball 2-2: Foul Ball, location: 2F 2-2: Fly out, F4 (Popup, 4)
|
Batting: RHB Bryan Reed
|
0-0: Ground out 1-3 (Groundball, 13S)
|
Top of the 1st over - 0 runs, 0 hits, 0 errors, 0 left on base; Indianapolis HS 0 - Bishop Amat HS 0 |
BOTTOM OF THE 1ST |
Bishop Amat HS batting - Pitching for Indianapolis HS Chaos : LHP Sam Roach
|
Pitching: LHP Sam Roach
|
|
Batting: RHB Geoffrey Bishop
|
0-0: Called Strike 0-1: Ball 1-1: Ground out 6-3 (Groundball, 6)
|
Batting: RHB Josh Curry
|
0-0: Fly out, F7 (Flyball, 7)
|
Batting: RHB George Guppy
|
0-0: Swinging Strike 0-1: Ground out U3 (Groundball, 3L)
|
Bottom of the 1st over - 0 runs, 0 hits, 0 errors, 0 left on base; Indianapolis HS 0 - Bishop Amat HS 0 |
TOP OF THE 2ND |
Indianapolis HS Chaos batting - Pitching for Bishop Amat HS : RHP Alex Garrett
|
Batting: RHB Andy Norris
|
0-0: Called Strike 0-1: Foul Ball, location: 2F 0-2: Reached on error, E6 (Groundball, 6)
|
Batting: LHB José Alonzo
|
0-0: Swinging Strike 0-1: Ball 1-1: Ball 2-1: Ball 3-1: SINGLE (Groundball, 34D) Andy Norris to third
|
Batting: RHB Brian Carriaga
|
0-0: Ball 1-0: Ball 2-0: Ball 3-0: Called Strike 3-1: Base on Balls José Alonzo to second
|
Batting: RHB Eric Pierce
|
0-0: Ball 1-0: Foul Ball, location: 2F 1-1: Ball 2-1: SINGLE (Line Drive, 8LS) Andy Norris scores José Alonzo to third Brian Carriaga to second
|
Batting: RHB Héctor Núñez
|
0-0: Ball 1-0: Called Strike 1-1: Ball 2-1: Swinging Strike 2-2: Fly out, F8 (Flyball, 8RM) Runner from 3rd tags up, OUT at HOME Brian Carriaga to third Eric Pierce to second
|
Batting: RHB Jonathan Thompson
|
0-0: Called Strike 0-1: Ball 1-1: Ball 2-1: Ball 3-1: Foul Ball, location: 2F 3-2: Base on Balls
|
Batting: LHB Jason Hudson
|
0-0: Ball 1-0: Called Strike 1-1: Foul Ball, location: 2F 1-2: Foul Ball, location: 2F 1-2: Fly out, F8 (Flyball, 78D)
|
Top of the 2nd over - 1 run, 2 hits, 1 error, 3 left on base; Indianapolis HS 1 - Bishop Amat HS 0 |
BOTTOM OF THE 2ND |
Bishop Amat HS batting - Pitching for Indianapolis HS Chaos : LHP Sam Roach
|
Batting: RHB José Cruz
|
0-0: Fly out, F8 (Flyball, 8LM)
|
Batting: RHB Bill Bailey
|
0-0: Ball 1-0: Ball 2-0: Foul Ball, location: 2F 2-1: Foul Ball, location: 2F 2-2: Strikes out swinging
|
Batting: RHB Víctor Espinoza
|
0-0: Fly out, F9 (Flyball, 89D)
|
Bottom of the 2nd over - 0 runs, 0 hits, 0 errors, 0 left on base; Indianapolis HS 1 - Bishop Amat HS 0 |
TOP OF THE 3RD |
Indianapolis HS Chaos batting - Pitching for Bishop Amat HS : RHP Alex Garrett
|
Batting: LHB William Morgan
|
0-0: Foul Ball, location: 2F 0-1: Foul Ball, location: 2F 0-2: Ball 1-2: SINGLE (Line Drive, 4MD)
|
Batting: RHB Bryan Reed
|
0-0: Ball 1-0: Called Strike 1-1: Ball 2-1: Swinging Strike 2-2: Strikes out swinging
|
Batting: RHB Andy Norris
|
0-0: Called Strike William Morgan is caught stealing 2nd base 0-1: Foul Ball, location: 2F 0-2: Ball 1-2: Ball 2-2: Strikes out swinging
|
Top of the 3rd over - 0 runs, 1 hit, 0 errors, 0 left on base; Indianapolis HS 1 - Bishop Amat HS 0 |
BOTTOM OF THE 3RD |
Bishop Amat HS batting - Pitching for Indianapolis HS Chaos : LHP Sam Roach
|
Batting: RHB Robbie Davis
|
0-0: Ball 1-0: SINGLE (Groundball, 34D)
|
Batting: SHB Aubrey Robinson
|
0-0: Ball 1-0: Swinging Strike 1-1: Foul Ball, location: 2F 1-2: Ball 2-2: Ball 3-2: Foul Ball, location: 2F 3-2: Base on Balls Robbie Davis to second
|
Batting: SHB Marcos Cardona
|
0-0: Called Strike 0-1: Ball 1-1: Swinging Strike 1-2: Strikes out swinging
|
Batting: RHB Geoffrey Bishop
|
0-0: Grounds into double play, 6-4-3 (Groundball, 6)
|
Bottom of the 3rd over - 0 runs, 1 hit, 0 errors, 1 left on base; Indianapolis HS 1 - Bishop Amat HS 0 |
TOP OF THE 4TH |
Indianapolis HS Chaos batting - Pitching for Bishop Amat HS : RHP Alex Garrett
|
Batting: LHB José Alonzo
|
0-0: Foul Ball, location: 2F 0-1: Foul Ball, location: 2F 0-2: Foul Ball, location: 2F 0-2: Strikes out swinging
|
Batting: RHB Brian Carriaga
|
0-0: Swinging Strike 0-1: Called Strike 0-2: Strikes out looking
|
Batting: RHB Eric Pierce
|
0-0: SINGLE (Groundball, 4MD)
|
Batting: RHB Héctor Núñez
|
0-0: Called Strike 0-1: Ball 1-1: Called Strike 1-2: Ball 2-2: Foul Ball, location: 2F 2-2: SINGLE (Line Drive, 78S) Eric Pierce to second
|
Batting: RHB Jonathan Thompson
|
0-0: Called Strike 0-1: Ball 1-1: Foul Ball, location: 2F 1-2: Ball 2-2: Ball 3-2: SINGLE (Line Drive, 89S) Eric Pierce to third Héctor Núñez to second Eric Pierce scores Héctor Núñez to third
|
Batting: LHB Jason Hudson
|
0-0: Called Strike 0-1: Foul Ball, location: 2F 0-2: Foul Ball, location: 2F 0-2: Ball 1-2: Foul Ball, location: 2F 1-2: Foul Ball, location: 2F 1-2: Ball 2-2: Strikes out swinging
|
Top of the 4th over - 1 run, 3 hits, 0 errors, 2 left on base; Indianapolis HS 2 - Bishop Amat HS 0 |
BOTTOM OF THE 4TH |
Bishop Amat HS batting - Pitching for Indianapolis HS Chaos : LHP Sam Roach
|
Batting: RHB Josh Curry
|
0-0: Called Strike 0-1: Swinging Strike 0-2: Ball 1-2: Strikes out swinging
|
Batting: RHB George Guppy
|
0-0: Ball 1-0: Called Strike 1-1: Ball 2-1: Ball 3-1: Swinging Strike 3-2: Base on Balls
|
Batting: RHB José Cruz
|
0-0: Swinging Strike 0-1: Called Strike 0-2: Ball 1-2: Fly out, F9 (Flyball, 9LMF)
|
Batting: RHB Bill Bailey
|
0-0: Called Strike 0-1: Called Strike 0-2: Fly out, F8 (Flyball, 8LD)
|
Bottom of the 4th over - 0 runs, 0 hits, 0 errors, 1 left on base; Indianapolis HS 2 - Bishop Amat HS 0 |
TOP OF THE 5TH |
Indianapolis HS Chaos batting - Pitching for Bishop Amat HS : RHP Alex Garrett
|
Pitching: RHP Marlon Moreno
|
|
Batting: LHB William Morgan
|
0-0: Called Strike 0-1: Hit by Pitch
|
Batting: RHB Bryan Reed
|
0-0: Called Strike 0-1: Ball 1-1: Foul Ball, location: 2F 1-2: Foul Ball, location: 2F 1-2: Ball 2-2: Ball 3-2: Strikes out swinging
|
Batting: RHB Andy Norris
|
0-0: Called Strike 0-1: Ball 1-1: Ball 2-1: SINGLE (Line Drive, 78S) William Morgan to second
|
Batting: LHB José Alonzo
|
0-0: Ball 1-0: Called Strike William Morgan is caught stealing 3rd base 1-1: Called Strike 1-2: Ball 2-2: Ball 3-2: Base on Balls Andy Norris to second
|
Batting: RHB Brian Carriaga
|
0-0: Called Strike 0-1: Swinging Strike 0-2: Ball 1-2: Ball 2-2: SINGLE (Groundball, 56) (infield hit) Andy Norris to third José Alonzo to second
|
Batting: RHB Eric Pierce
|
0-0: Ball 1-0: Swinging Strike 1-1: Swinging Strike 1-2: Strikes out swinging
|
Top of the 5th over - 0 runs, 2 hits, 0 errors, 3 left on base; Indianapolis HS 2 - Bishop Amat HS 0 |
BOTTOM OF THE 5TH |
Bishop Amat HS batting - Pitching for Indianapolis HS Chaos : LHP Sam Roach
|
Batting: RHB Víctor Espinoza
|
0-0: Ball 1-0: Ball 2-0: Ball 3-0: Called Strike 3-1: Ground out 5-3 (Groundball, 56)
|
Batting: RHB Robbie Davis
|
0-0: Ball 1-0: Ball 2-0: Ball 3-0: Base on Balls
|
Batting: SHB Aubrey Robinson
|
0-0: Ball 1-0: Called Strike 1-1: SINGLE (Line Drive, 7S) Robbie Davis to second
|
Batting: SHB Marcos Cardona
|
0-0: Ball 1-0: Grounds into double play, 4-6-3 (Groundball, 4)
|
Bottom of the 5th over - 0 runs, 1 hit, 0 errors, 1 left on base; Indianapolis HS 2 - Bishop Amat HS 0 |
TOP OF THE 6TH |
Indianapolis HS Chaos batting - Pitching for Bishop Amat HS : RHP Marlon Moreno
|
Batting: RHB Héctor Núñez
|
0-0: Foul Ball, location: 2F 0-1: Foul Ball, location: 2F 0-2: Ground out 6-3 (Groundball, 6M)
|
Batting: RHB Jonathan Thompson
|
0-0: Called Strike 0-1: Called Strike 0-2: Ball 1-2: Foul Ball, location: 2F 1-2: Ball 2-2: Foul Ball, location: 2F 2-2: Strikes out swinging
|
Batting: LHB Jason Hudson
|
0-0: Ball 1-0: Called Strike 1-1: Ball 2-1: Ground out 4-3 (Groundball, 34)
|
Top of the 6th over - 0 runs, 0 hits, 0 errors, 0 left on base; Indianapolis HS 2 - Bishop Amat HS 0 |
BOTTOM OF THE 6TH |
Bishop Amat HS batting - Pitching for Indianapolis HS Chaos : LHP Sam Roach
|
Batting: RHB Geoffrey Bishop
|
0-0: Called Strike 0-1: Ball 1-1: Called Strike 1-2: SINGLE (Line Drive, 8RS)
|
Batting: RHB Josh Curry
|
0-0: Ball 1-0: Grounds into double play, 4-6-3 (Groundball, 4)
|
Batting: RHB George Guppy
|
0-0: Ball 1-0: Ball 2-0: Called Strike 2-1: Swinging Strike 2-2: Ball 3-2: Strikes out swinging
|
Bottom of the 6th over - 0 runs, 1 hit, 0 errors, 0 left on base; Indianapolis HS 2 - Bishop Amat HS 0 |
TOP OF THE 7TH |
Indianapolis HS Chaos batting - Pitching for Bishop Amat HS : RHP Marlon Moreno
|
Batting: LHB William Morgan
|
0-0: Fly out, F8 (Flyball, 8LD)
|
Batting: RHB Bryan Reed
|
0-0: Swinging Strike 0-1: DOUBLE (Flyball, 89D)
|
Batting: RHB Andy Norris
|
0-0: Intentional Walk
|
Batting: LHB José Alonzo
|
0-0: Fly out, F7 (Flyball, 7S)
|
Batting: RHB Brian Carriaga
|
0-0: Called Strike 0-1: Ball 1-1: Called Strike 1-2: Foul Ball, location: 2F 1-2: Ball 2-2: Ball 3-2: Foul Ball, location: 2F 3-2: Strikes out looking
|
Top of the 7th over - 0 runs, 1 hit, 0 errors, 2 left on base; Indianapolis HS 2 - Bishop Amat HS 0 |
BOTTOM OF THE 7TH |
Bishop Amat HS batting - Pitching for Indianapolis HS Chaos : LHP Sam Roach
|
Batting: RHB José Cruz
|
0-0: SINGLE (Groundball, 34S) (infield hit)
|
Batting: RHB Bill Bailey
|
0-0: Ball 1-0: Ground out 3-1 (Groundball, 34S) José Cruz to second
|
Batting: RHB Víctor Espinoza
|
0-0: Called Strike 0-1: Ball 1-1: Foul Ball, location: 2F 1-2: Strikes out swinging
|
Batting: RHB Robbie Davis
|
0-0: Swinging Strike 0-1: Called Strike 0-2: Foul Ball, location: 2F 0-2: Ball 1-2: Strikes out swinging
|
Bottom of the 7th over - 0 runs, 1 hit, 0 errors, 1 left on base; Indianapolis HS 2 - Bishop Amat HS 0 |
TOP OF THE 8TH |
Indianapolis HS Chaos batting - Pitching for Bishop Amat HS : RHP Marlon Moreno
|
Pitching: LHP Kevin Preston
|
|
Batting: RHB Eric Pierce
|
0-0: SINGLE (Groundball, 34D)
|
Batting: RHB Héctor Núñez
|
0-0: Ball 1-0: Fly out, F9 (Flyball, 9D)
|
Batting: RHB Jonathan Thompson
|
0-0: Ball Eric Pierce is caught stealing 2nd base 1-0: Ball 2-0: Called Strike 2-1: Swinging Strike 2-2: Ball 3-2: Strikes out looking
|
Top of the 8th over - 0 runs, 1 hit, 0 errors, 0 left on base; Indianapolis HS 2 - Bishop Amat HS 0 |
BOTTOM OF THE 8TH |
Bishop Amat HS batting - Pitching for Indianapolis HS Chaos : LHP Sam Roach
|
Pitching: RHP Ben Johnston
|
|
Batting: SHB Aubrey Robinson
|
0-0: Called Strike 0-1: Foul Ball, location: 2F 0-2: Strikes out swinging
|
Batting: SHB Marcos Cardona
|
0-0: Called Strike 0-1: Ball 1-1: SINGLE (Groundball, 34D)
|
Batting: RHB Geoffrey Bishop
|
0-0: Swinging Strike 0-1: Ball 1-1: Ball 2-1: Foul Ball, location: 2F 2-2: Ball 3-2: Base on Balls Marcos Cardona to second
|
Pinch Hitting: SHB Bill Ríos
|
0-0: Called Strike 0-1: Ball 1-1: SINGLE (Line Drive, 6M) Marcos Cardona to third Geoffrey Bishop to second Runner from 3rd tries for Home, SAFE, no throw
|
Batting: RHB George Guppy
|
0-0: Foul Ball, location: 2F 0-1: Foul Ball, location: 2F 0-2: Ball 1-2: Ball 2-2: Ball 3-2: Fielders Choice at 2nd, 6-4 (Groundball, 6M) Geoffrey Bishop to third
|
Batting: RHB José Cruz
|
0-0: Foul Ball, location: 2F 0-1: Called Strike 0-2: Ball 1-2: Ball 2-2: Fielders Choice at 2nd, 5-4 (Groundball, 56)
|
Bottom of the 8th over - 1 run, 2 hits, 0 errors, 2 left on base; Indianapolis HS 2 - Bishop Amat HS 1 |
TOP OF THE 9TH |
Indianapolis HS Chaos batting - Pitching for Bishop Amat HS : LHP Kevin Preston
|
Pitching: RHP Roderick Fields
|
|
Now in RF: Ralph King
|
|
Batting: LHB Jason Hudson
|
0-0: Called Strike 0-1: Fly out, F5 (Popup, 25F)
|
Batting: LHB William Morgan
|
0-0: Ball 1-0: Ball 2-0: Ball 3-0: Base on Balls
|
Batting: RHB Bryan Reed
|
0-0: Swinging Strike 0-1: Swinging Strike 0-2: Ball 1-2: Strikes out looking
|
Batting: RHB Andy Norris
|
0-0: Called Strike 0-1: Called Strike 0-2: Fly out, F7 (Flyball, 78S)
|
Top of the 9th over - 0 runs, 0 hits, 0 errors, 1 left on base; Indianapolis HS 2 - Bishop Amat HS 1 |
BOTTOM OF THE 9TH |
Bishop Amat HS batting - Pitching for Indianapolis HS Chaos : RHP Ben Johnston
|
Pitching: LHP Júlio Hernández
|
|
Batting: RHB Bill Bailey
|
0-0: Ball 1-0: Foul Ball, location: 2F 1-1: Ball 2-1: Foul Ball, location: 2F 2-2: Strikes out swinging
|
Batting: RHB Víctor Espinoza
|
0-0: Ball 1-0: Called Strike 1-1: Foul Ball, location: 2F 1-2: Fly out, F5 (Flyball, 5D)
|
Batting: RHB Robbie Davis
|
0-0: Called Strike 0-1: Ball 1-1: Ball 2-1: Called Strike 2-2: Strikes out looking
|
Bottom of the 9th over - 0 runs, 0 hits, 0 errors, 0 left on base; Indianapolis HS 2 - Bishop Amat HS 1 |
|